 Dungeon Crawl Stone Soup version 0.25-a0-834-g55863b0b92 (webtiles) character file.

Game seed: 8062376028807604670, levelgen mode: deterministic

240 Nixze the Stinger (level 5, -2/42 HPs)
             Began as a Draconian Venom Mage on Apr 23, 2020.
             Killed from afar by Natasha (8 damage)
             ... with a magic dart
             ... on level 2 of the Dungeon.
             The game lasted 00:09:06 (3575 turns).

Nixze the Stinger (Draconian Venom Mage)            Turns: 3575, Time: 00:09:07

Health: -2/42      AC:  6    Str: 10    XL:     5   Next: 80%
Magic:  0/9        EV: 12    Int: 17    God:
Gold:   85         SH:  0    Dex: 11    Spells: 3/10 levels left

rFire    . . .     SeeInvis .   p - +4 quarterstaff (chaos)
rCold    . . .     Gourm    .   (shield currently unavailable)
rNeg     . . .     Faith    .   (armour unavailable)
rPois    .         Spirit   .   (helmet restricted)
rElec    .         Reflect  .   g - +0 cloak
rCorr    .         Harm     .   (no gloves)
MR       .....                  (no boots)
Stlth    ++........             k - amulet of rage
HPRegen  0.14/turn              (no ring)
MPRegen  0.11/turn              (no ring)

@: no status effects
A: unfitting armour, cold-blooded, AC +5
a: Evoke Berserk Rage


You were on level 2 of the Dungeon.
You were not hungry.

You visited 1 branch of the dungeon, and saw 3 of its levels.

You collected 85 gold pieces.

Inventory:

Hand Weapons
 o - a +2 vorpal trident
 p - a +4 quarterstaff of chaos (weapon)
Missiles
 i - 40 stones (quivered)
Armour
 g - a +0 cloak (worn)
Jewellery
 k - an amulet of rage (around neck)
Scrolls
 a - a scroll of remove curse {unknown}
 c - 2 scrolls of identify
 d - a scroll of fog
 f - a scroll of enchant weapon {unknown}
 j - a scroll of fear
Potions
 e - a potion of curing {unknown}
 h - a potion of flight {unknown}
 l - 3 potions of heal wounds
 m - a potion of degeneration {unknown}
 q - 2 potions of berserk rage {unknown}
Comestibles
 b - 5 rations
 n - a chunk of flesh


   Skills:
 + Level 2.7 Fighting
 + Level 2.2 Dodging
 - Level 1.7 Stealth
 + Level 3.1 Spellcasting
 - Level 1.0 Transmutations
 * Level 5.0 Poison Magic


You had 3 spell levels left.
You knew the following spells:

 Your Spells              Type           Power        Failure   Level  Hunger
a - Sting                 Tmut/Pois      ##..         4%          1    None
b - Poisonous Vapours     Pois/Air       ##....       10%         2    ##.....
c - Olgreb's Toxic Radia  Pois           ###.....     22%         4    ####...

Your spell library contained the following spells:

 Spells                   Type           Power        Failure   Level  Hunger
 Ignite Poison            Fire/Tmut/Pois #.......     22%         3    ###....
 Mephitic Cloud           Conj/Pois/Air  #.......     26%         3    ###....


Dungeon Overview and Level Annotations

Branches:
Dungeon (3/15)

Altars:
The Shining One

Annotations:
D:2 Natasha


Innate Abilities, Weirdness & Mutations

Your plain brown scales are hard. (AC +5)
You cannot fit into any form of body armour.
You are cold-blooded and may be slowed by cold attacks.


Message History

Confirm with . or Enter, or press ? or * to list all spells.
Aiming: Sting (safe; 4% risk of failure)
Press: ? - help, Shift-Dir - straight line, f - Natasha
Aim: Natasha (hasn't noticed you)
The sting misses Natasha.
Natasha hisses angrily.
Casting: Sting (safe; 4% risk of failure)
Confirm with . or Enter, or press ? or * to list all spells.
Aiming: Sting (safe; 4% risk of failure)
Press: ? - help, Shift-Dir - straight line, f/p - Natasha
Aim: Natasha The sting misses Natasha.
Natasha drinks a potion.
Natasha flickers and vanishes!
Deactivating autopickup; reactivate with Ctrl-A.
You aren't carrying any items that you can evoke without wielding.
Unknown command.
Something claws you but does no damage.
A magic dart appears from out of thin air!
The magic dart hits you!
You die...

.#.##########)#.###.#
#.####### .#........#
#.#.[##.# #.######
.########.###.##)##.# #......#
.# #.....#)##..#.###......# .#
#.#.#.#)).......#......# .#
#...#.#.#..............#
###########.#...#...#.########
............#.####..#.#
#############...@..>#.#
#########.# ##### #.# ....#
#.# ###### ).#.# #.# #.....
#.#.# #.# #.#### #.#.# #.# #.#
#.#.# #.# #.# #.#.# #.######.#


There were no monsters in sight!

Vanquished Creatures
  An orc priest (D:3)
  Natasha (twice) (D:2)
  An orc wizard (D:3)
  Crazy Yiuf (D:2)
  Robin (D:2)
  3 worms (D:2)
  7 orcs (D:3)
  5 giant cockroaches
  8 goblins
  12 hobgoblins
  6 jackals
  6 kobolds
  A quokka (D:3)
  3 bats (D:1)
  11 frilled lizards
  8 rats
76 creatures vanquished.

Vanquished Creatures (collateral kills)
  An orc (D:3)
1 creature vanquished.

Grand Total: 77 creatures vanquished

Notes
Turn   | Place    | Note
-------+----------+-------------------------------------------
     0 | D:1      | Nixze the Draconian Venom Mage began the quest for the Orb.
     0 | D:1      | Reached XP level 1. HP: 14/14 MP: 3/3
   365 | D:1      | Reached XP level 2. HP: 22/22 MP: 3/5
   766 | D:1      | Reached skill level 1 in Fighting
  1069 | D:2      | Learned a level 2 spell: Poisonous Vapours
  1074 | D:2      | Reached XP level 3. HP: 28/28 MP: 0/6
  1159 | D:2      | Found a runed translucent door.
  1160 | D:2      | Noticed Crazy Yiuf
  1249 | D:2      | Killed Crazy Yiuf
  1249 | D:2      | Reached skill level 4 in Poison Magic
  1768 | D:2      | Reached XP level 4. HP: 36/36 MP: 0/7
  1843 | D:2      | Noticed Robin
  1854 | D:2      | Killed Robin
  2497 | D:2      | Learned a level 4 spell: Olgreb's Toxic Radiance
  2517 | D:2      | Noticed Natasha
  2522 | D:2      | Killed Natasha
  2672 | D:2      | Noticed Natasha
  2674 | D:2      | Killed Natasha
  2674 | D:2      | Reached XP level 5. HP: 42/42 MP: 4/9
  2765 | D:2      | Noticed Natasha
  3380 | D:3      | HP: 1/42 [quokka (3)]
  3420 | D:3      | Found a glowing golden altar of the Shining One.
  3485 | D:3      | Reached skill level 5 in Poison Magic
  3575 | D:2      | Killed from afar by Natasha

Levels and vault maps discovered:
D:1:      giann_bridges, layout_rooms
D:2:      layout_basic, first_ration, uniq_robin, uniq_crazy_yiuf_cottage,
          uniq_natasha
D:3:      layout_loops_corners, nicolae_overflow_crystal_walls,
          portal_sewer_entry_f, minmay_misc_feat_plants,
          nicolae_tso_swordbearing_angel

Skill      XL: |  1  2  3  4  5 |
---------------+----------------+-----
Fighting       | 1 2 |  2.7
Poison Magic   | 4 5 |  5.0
Dodging        | 2 |  2.2
Spellcasting   | 3 |  3.1
Stealth        | |  1.7
Transmutations | |  1.0

Action                   |  1- 3 |  4- 6 || total
-------------------------+-------+-------++-------
Melee: Unarmed           |     9 |       ||     9
       Tailslap          |     5 |     2 ||     7
       Club              |     7 |       ||     7
       Whip              |    15 |       ||    15
       Quarterstaff      |     6 |    33 ||    39
Throw: Stone             |     3 |       ||     3
 Cast: Sting             |    40 |    18 ||    58
       Poisonous Vapours |     7 |    37 ||    44
  Use: Scroll            |       |     4 ||     4
  Eat: Chunk             |     3 |     5 ||     8
       Ration            |       |     1 ||     1
Armor: Skin              |    19 |    22 ||    41
Dodge: Dodged            |    30 |    27 ||    57

Table legend:
 A = Non-vault XP
 B = Vault XP
 C = Vault XP percentage of total XP
 D = Non-vault monster count
 E = Vault monster count
 F = Vault count percentage of total count
                 A         B        C        D         E       F
            +---------+---------+-------+---------+---------+-------
      Total |     227 |     117 |  34.0 |      62 |      15 |  19.5
            +---------+---------+-------+---------+---------+-------
        D:1 |      33 |       0 |   0.0 |      21 |       0 |   0.0
        D:2 |      84 |     113 |  57.4 |      29 |      13 |  31.0
        D:3 |     110 |       4 |   3.5 |      12 |       2 |  14.3
            +---------+---------+-------+---------+---------+-------
